 Dungeon Crawl Stone Soup version 0.28.0-45-g0d030f2227 (webtiles) character file.

Game seed: 6425483331408071382

196 Kziril the Shield-Bearer (level 5, -10/34 HPs)
             Began as a Gargoyle Fighter on Apr 21, 2022.
             Was a Follower of Okawaru.
             Mangled by a shadow (28 damage)
             ... on level 6 of the Dungeon.
             The game lasted 00:05:40 (2239 turns).

Kziril the Shield-Bearer (Gargoyle Fighter)         Turns: 2239, Time: 00:05:41

Health: -10/34     AC: 14    Str: 20    XL:     5   Next: 74%
Magic:  3/5        EV: 11    Int:  8    God:    Okawaru [*.....]
Gold:   99         SH:  6    Dex: 11    Spells: 4/4 levels left

rFire   + . .      SeeInvis .   a - +0 flail
rCold   + . .      Faith    .   c - +0 buckler
rNeg    + . .      Spirit   .   b - +0 scale mail
rPois   ∞          Reflect  .   l - +2 hat
rElec   +          Harm     .   o - scarf {rC+ rF+}
rCorr   .          Rampage  .   (no gloves)
Will    .....                   (no boots)
Stlth   +.........              n - amulet of regeneration
HPRegen 0.91/turn               (no ring)
MPRegen 0.09/turn               (no ring)

@: heroic
A: sickness immunity, AC +4, negative energy resistance 1, electricity
resistance, torment resistance 1, petrification resistance
a: Renounce Religion, Heroism


You were on level 6 of the Dungeon.
You worshipped Okawaru.
Okawaru was aware of your devotion.
You visited 1 branch of the dungeon, and saw 5 of its levels.

You collected 99 gold pieces.

Inventory:

Hand Weapons
 a - a +0 flail (weapon)
Armour
 b - a +0 scale mail (worn)
 c - a +0 buckler (worn)
 l - a +2 hat (worn)
 o - a scarf of resistance (worn)
Jewellery
 n - an amulet of regeneration (around neck)
Scrolls
 e - a scroll of immolation {unknown}
 f - a scroll of blinking {unknown}
 h - 2 scrolls of identify {unknown}
 k - a scroll of noise {unknown}
 m - a scroll of summoning {unknown}
 q - a scroll of vulnerability {unknown}
 s - 2 scrolls of teleportation {unknown}
Potions
 d - a potion of might
 g - 2 potions of curing {unknown}
 i - a potion of attraction {unknown}
 j - a potion of degeneration {unknown}
 p - a potion of flight {unknown}
 r - a potion of heal wounds {unknown}


   Skills:
 + Level 4.4(9.4) Fighting
 + Level 3.2(8.2) Maces & Flails
 + Level 4.4(9.4) Armour
 + Level 4.4(9.4) Shields


You had 4 spell levels left.
You didn't know any spells.
Your spell library contained the following spells:

 Spells                   Type           Power      Damage    Failure   Level
 Sandblast                Erth           0%         2d4       78%         1
 Passwall                 Tmut/Erth      0%         N/A       89%         2
 Ignite Poison            Fire/Tmut/Pois 0%         N/A       98%         3
 Mephitic Cloud           Conj/Pois/Air  0%         N/A       98%         3
 Stone Arrow              Conj/Erth      0%         3d7       98%         3
 Freezing Cloud           Conj/Ice/Air   0%         6-21      100%        5


Dungeon Overview and Level Annotations

Branches:
Dungeon (4/15)
 Temple: D:4-7

Altars:
Ashenzari
Kikubaaqudgha
Okawaru
Trog
Wu Jian


Innate Abilities, Weirdness & Mutations

You are immune to sickness and miasma.
Your stone body is resilient. (AC +4)
You are immune to poison.
You resist negative energy. (rN+)
You are resistant to electric shocks. (rElec)
You are resistant to unholy torment.
You are immune to petrification.


Message History

Deactivating autopickup; reactivate with Ctrl-A.
You see here 16 gold pieces.
You now have 99 gold pieces (gained 16).
The shadow strikes at you from the darkness!
Reactivating autopickup.
You hit the shadow.
The shadow is lightly damaged.
The shadow hits you.
You barely miss the shadow.
The shadow is lightly damaged.
The shadow hits you!
You hit the shadow but do no damage.
The shadow is lightly damaged.
The shadow hits you. You block the shadow's attack.
You hit the shadow.
The shadow is lightly damaged.
The shadow hits you.
You hit the shadow but do no damage.
The shadow is lightly damaged.
The shadow hits you.
You barely miss the shadow.
The shadow is lightly damaged.
The shadow hits you. The shadow hits you!
You gain the combat prowess of a mighty hero.
The shadow hits you.
You hit the shadow but do no damage.
The shadow is lightly damaged.
The shadow barely misses you.
You hit the shadow but do no damage.
The shadow is lightly damaged.
You block the shadow's attack.
You sock the shadow!
The shadow is heavily damaged.
The shadow slips into darkness.
The shadow flickers and vanishes!
Deactivating autopickup; reactivate with Ctrl-A.
You closely miss something.
The shadow strikes at you from the darkness!
Ouch! That really hurt!
You die...

... ... .....
........ .....
.....# ...... #..#
......
######..####......
##..#..............
#.......#..........
#.@###....##
#.#{.......##
###.........#
#####..#......#
####.....##
........
#..........
#..........
##.....###.


There were no monsters in sight!

Vanquished Creatures
  A centaur (D:3)
  Robin (D:2)
  2 adders
  A white imp (D:6)
  A worm (D:2)
  2 dart slugs (D:1)
  An orc (D:3)
  3 ball pythons
  2 bat zombies (D:3)
  7 endoplasms
  A giant cockroach (D:1)
  19 goblins
  4 hobgoblins
  2 jackals (D:2)
  5 bats
  5 frilled lizards
  9 kobolds
  3 rats
  2 rat zombies (D:3)
71 creatures vanquished.

Vanquished Creatures (others)
  4 plants (D:1)
  3 withered plants (D:1)
7 creatures vanquished.

Grand Total: 78 creatures vanquished

Notes
Turn   | Place    | Note
-------+----------+-------------------------------------------
     0 | D:1      | Kziril the Gargoyle Fighter began the quest for the Orb.
     0 | D:1      | Reached XP level 1. HP: 14/14 MP: 1/1
   147 | D:1      | Found a faded altar of an unknown god.
   173 | D:1      | Prayed at the altar of an unknown god.
   173 | D:1      | Became a worshipper of Warmaster Okawaru
   173 | D:1      | Reached * piety under Okawaru
   202 | D:1      | Reached XP level 2. HP: 19/19 MP: 2/2
   851 | D:1      | Reached XP level 3. HP: 16/23 MP: 3/3
  1492 | D:2      | Noticed Robin
  1505 | D:2      | Killed Robin
  1506 | D:2      | Reached XP level 4. HP: 29/29 MP: 4/4
  1954 | D:3      | Found a faded altar of an unknown god.
  1958 | D:3      | Found an ornate altar of the Wu Jian Council.
  2041 | D:3      | Found an ancient bone altar of Kikubaaqudgha.
  2064 | D:3      | Found a bloodstained altar of Trog.
  2134 | D:3      | Noticed a centaur
  2145 | D:3      | Killed a centaur
  2146 | D:3      | Reached XP level 5. HP: 31/34 MP: 5/5
  2176 | D:3      | Found a broken altar of Ashenzari.
  2210 | D:3      | You fall into a shaft and drop 3 floors!
  2219 | D:6      | Noticed a shadow
  2239 | D:6      | Mangled by a shadow

Illustrated notes

Levels and vault maps discovered:
D:1:      amcnicky_arrival_wind_blow, layout_basic,
          shapermc_ecumenical_altar_flowoftime, minmay_pentomino_p4
D:2:      layout_loops_cross, uniq_robin
D:3:      layout_rooms, trog_hazing_becter, lemuel_coloured_pillars_altar,
          nicolae_overflow_ecumenical_swirl, evilmike_ruin_ashenzari,
          mainiacjoe_overflow_24_doors, lemuel_zombie_altar_kikubaaqudgha,
          solitary_fountain, chequers_serial_rivers_small_b
D:4:      layout_basic, gammafunk_ghost_smash, nicolae_figureground_pulse
D:6:      layout_cave_pools, slow_altar_1

Skill      XL: |  1  2  3  4 |
---------------+-------------+-----
Armour         | 4 |  4.4
Fighting       | 4 |  4.4
Shields        | 4 |  4.4
Maces & Flails | 3 |  3.2

Action                   |  1- 3 |  4- 6 || total
-------------------------+-------+-------++-------
Melee: Flail             |   132 |   109 ||   241
Invok: Heroism           |       |     1 ||     1
Armor: Scale mail        |    87 |    83 ||   170
Dodge: Dodged            |    58 |    65 ||   123
Block: Buckler           |    28 |    26 ||    54
